 Dungeon Crawl Stone Soup version 0.23.2-33-g5129a83184 (webtiles) character file.

Game seed: 580050620279059932

135 Derp the Conjurer (level 4, -6/24 HPs)
             Began as a Deep Elf Conjurer on July 21, 2019.
             Killed by nerve-wracking pain
             ... invoked by a shadow imp
             ... summoned by Natasha
              (13 damage)
             ... on level 3 of the Dungeon.
             The game lasted 00:05:38 (2314 turns).

Derp the Conjurer (Deep Elf Conjurer)               Turns: 2314, Time: 00:05:41

Health: -6/24      AC:  2    Str:  5    XL:     4   Next: 97%
Magic:  1/12       EV: 13    Int: 21    God:
Gold:   104        SH:  0    Dex: 15    Spells: 6/11 levels left

rFire    . . .     SeeInvis .   (no weapon)
rCold    . . .     Gourm    .   (no shield)
rNeg     . . .     Faith    .   a - +0 robe
rPois    .         Spirit   .   (no helmet)
rElec    .         Reflect  .   (no cloak)
rCorr    .         Harm     .   (no gloves)
MR       .....                  (no boots)
Stlth    ++........             (no amulet)
HPRegen  0.08/turn              (no ring)
MPRegen  0.13/turn              (no ring)

@: no status effects
A: no striking features
a: no special abilities


You were on level 3 of the Dungeon.
You were not hungry.

You visited 1 branch of the dungeon, and saw 3 of its levels.

You collected 104 gold pieces.

Inventory:

Hand Weapons
 j - a +3 falchion
Armour
 a - a +0 robe (worn)
Jewellery
 i - an uncursed ring of see invisible {unknown}
Scrolls
 b - 2 scrolls of remove curse {unknown}
 d - a scroll of magic mapping {unknown}
 g - a scroll of identify {unknown}
 h - a scroll of immolation {unknown}
Potions
 e - a potion of magic {unknown}
 f - 2 potions of curing {unknown}
 k - 2 potions of agility {unknown}
 l - 2 potions of degeneration {unknown}
Comestibles
 c - 3 rations


   Skills:
 + Level 2.8 Dodging
 + Level 3.1 Stealth
 + Level 4.3 Spellcasting
 + Level 6.0 Conjurations


You had 6 spell levels left.
You knew the following spells:

 Your Spells              Type           Power        Failure   Level  Hunger
a - Magic Dart            Conj           ####         1%          1    None
b - Fulminant Prism       Conj/Hex       ###.......   32%         4    ####...

Your spell library contained the following spells:

 Spells                   Type           Power        Failure   Level  Hunger
 Searing Ray              Conj           ####..       1%          2    #......
 Dazzling Spray           Conj/Hex       ###...       10%         3    ##.....
 Iskenderun's Mystic Bla  Conj           ####....     10%         4    ####...
 Force Lance              Conj/Tloc      ###.....     32%         4    ####...


Dungeon Overview and Level Annotations

Branches:
Dungeon (3/15)

Altars:
Dithmenos

Annotations:
D:2 1 runed translucent door, Crazy Yiuf
D:3 Natasha


Message History

Aiming: Magic Dart (safe; 1% risk of failure)
Press: ? - help, Shift-Dir - straight line, f/p - Natasha
Aim: Natasha (almost dead)
The magic dart hits the white imp.
The white imp is heavily wounded.
The white imp barely misses you.
Casting: Magic Dart (safe; 1% risk of failure)
Confirm with . or Enter, or press ? or * to list all spells.
You don't have enough magic to cast that spell.
Unknown command.
Natasha mewls in sadness.
You see here a runed flail.
Natasha mumbles some strange words.
The white imp gestures at you. The puff of frost hits you!
* * * LOW HITPOINT WARNING * * *
The shadow imp gestures at you. Pain shoots through your body!
Ouch! That really hurt!
You die...

#.# ♣♣♣♣♣♣ #.#
♣♣♣♣....♣♣♣ #5#
♣....♣♣♣..♣♣♣♣♣#.#
..♣♣♣♣ ♣♣♣...†..h#
♣♣♣ ♣♣....55#
♣♣♣♣♣#.# #.# #@#
#.# #.# #.# ♣ #.#
♣ ♣♣#.# ♣ ♣♣...#
♣♣♣♣♣♣♣.♣#.#
♣♣♣♣♣♣......♣♣#.#


You could see Natasha, 2 white imps and a shadow imp.

Vanquished Creatures
  Natasha (D:3)
  4 adders (D:2)
  3 oozes
  2 worms (D:2)
  2 dart slugs (D:2)
  4 orcs (D:3)
  A giant cockroach (D:3)
  4 goblins
  4 hobgoblins
  3 jackals (D:2)
  A quokka (D:2)
  A ball python (D:2)
  3 bats
  3 frilled lizards
  9 kobolds
  7 rats
52 creatures vanquished.

Notes
Turn   | Place    | Note
-------+----------+-------------------------------------------
     0 | D:1      | Derp the Deep Elf Conjurer began the quest for the Orb.
     0 | D:1      | Reached XP level 1. HP: 10/10 MP: 6/6
   126 | D:1      | Reached XP level 2. HP: 15/15 MP: 5/8
   383 | D:1      | Reached skill level 5 in Conjurations
  1014 | D:2      | Reached XP level 3. HP: 17/19 MP: 3/9
  1342 | D:2      | Reached XP level 4. HP: 22/24 MP: 3/11
  1741 | D:2      | Found a runed translucent door.
  1742 | D:2      | Noticed Crazy Yiuf
  1912 | D:2      | Learned a level 4 spell: Fulminant Prism
  1936 | D:3      | Noticed Natasha
  1942 | D:3      | Killed Natasha
  2130 | D:3      | Found a shadowy altar of Dithmenos.
  2282 | D:3      | Reached skill level 6 in Conjurations
  2284 | D:3      | Noticed Natasha
  2314 | D:3      | Killed from afar by a shadow imp

Skill      XL: |  1  2  3  4 |
---------------+-------------+-----
Conjurations   | 5 6 |  6.0
Stealth        | 3 |  3.1
Spellcasting   | 4 |  4.3
Dodging        | |  2.8

Action                   |  1- 3 |  4- 6 || total
-------------------------+-------+-------++-------
 Cast: Magic Dart        |    58 |    56 ||   114
  Eat: Chunk             |       |     4 ||     4
Armor: Robe              |     1 |     1 ||     2
Dodge: Dodged            |     6 |     6 ||    12
